 Dungeon Crawl Stone Soup version 0.28-a0-79-g444c7a33f5 (webtiles) character file.

Game seed: 7090431283215060240

6 siradein the Cutter (level 1, 0/16 HPs)
             Began as a Demonspawn Gladiator on Aug 3, 2021.
             Slain by a ball python (1 damage)
             ... on level 1 of the Dungeon.
             The game lasted 00:00:24 (77 turns).

siradein the Cutter (Demonspawn Gladiator)            Turns: 77, Time: 00:00:25

Health: 0/16       AC:  4    Str: 14    XL:     1   Next: 75%
Magic:  1/1        EV: 10    Int:  9    God:
Gold:   0          SH:  0    Dex: 20    Spells: 0/0 levels left

rFire   . . .      SeeInvis .   a - +0 rapier
rCold   . . .      Faith    .   (no shield)
rNeg    . . .      Spirit   .   b - +0 leather armour
rPois   .          Reflect  .   c - +0 helmet
rElec   .          Harm     .   (no cloak)
rCorr   .          Rampage  .   (no gloves)
Will    .....                   (no boots)
Stlth   +.........              (no amulet)
HPRegen 0.05/turn               e - +6 ring of dexterity
MPRegen 0.07/turn               (no ring)

@: constricted
A: no striking features
a: no special abilities


You were on level 1 of the Dungeon.
You visited 1 branch of the dungeon, and saw 1 of its levels.

Inventory:

Hand Weapons
 a - a +0 rapier (weapon)
Missiles
 d - 3 throwing nets (quivered)
Armour
 b - a +0 leather armour (worn)
 c - a +0 helmet (worn)
Jewellery
 e - a +6 ring of dexterity (left hand)
Scrolls
 f - a scroll of amnesia {unknown}


   Skills:
 + Level 2.3 Fighting
 + Level 2.9 Short Blades
 - Level 1.7 Throwing
 - Level 2.6 Dodging


You couldn't memorise any spells.
You didn't know any spells.
Your spell library was empty.

Dungeon Overview and Level Annotations

Branches:
Dungeon (1/15)

Altars:


Message History

The endoplasm freezes you.
You are frozen.
The kobold hits you but does no damage.
You are too injured to fight recklessly!
You are too injured to fight recklessly!
You are too injured to fight recklessly!
An endoplasm comes into view.
The kobold throws a stone.
The stone hits you but does no damage.
You hit the endoplasm.
The endoplasm is almost dead.
The endoplasm closely misses you.
You barely miss the endoplasm.
The endoplasm is almost dead.
The endoplasm barely misses you.
Found 19 stones.
You hit the kobold.
You kill the kobold!
The endoplasm barely misses you.
Found an escape hatch in the floor.
A ball python and a goblin come into view.
The ball python hisses angrily.
You hear a shout!
A hobgoblin comes into view.
The ball python moves out of view.
A rat comes into view.
A frilled lizard comes into view.
You hit the endoplasm.
You kill the endoplasm!
The ball python misses you. The ball python grabs you.
The ball python constricts you.
The ball python's grasp on you weakens, but your attempt to escape fails.
The goblin hits you with a +0 club. The ball python misses you.
The ball python constricts you. The hobgoblin closely misses you.
The endoplasm freezes you.
You are frozen.
You puncture the endoplasm!
You kill the endoplasm!
The ball python barely misses you. The ball python constricts you.
The goblin hits you with a +0 club.
* * * LOW HITPOINT WARNING * * *
The hobgoblin barely misses you.
You closely miss the kobold. The ball python bites you.
You die...

####### ........
##(....## .....#.#
##.......###......##
#.........##.......#
#.........##...l.#.#
#.........##r.......
#.........##Sg......
#.....).#..K@g....#
#.....#+####.#>.....
#.....#....### .....
#............ ####
#.......#....
#.....### ..
##.....###
##......###
########.<....###


You could see a hobgoblin, a goblin, a ball python, a kobold, a frilled lizard
and a rat.

Vanquished Creatures
  A dart slug (D:1)
  2 endoplasms (D:1)
  A kobold (D:1)
4 creatures vanquished.

Notes
Turn   | Place    | Note
-------+----------+-------------------------------------------
     0 | D:1      | siradein the Demonspawn Gladiator began the quest for the
                  | Orb.
     0 | D:1      | Reached XP level 1. HP: 16/16 MP: 1/1
    77 | D:1      | Slain by a ball python

Illustrated notes

Levels and vault maps discovered:
D:1:      dpeg_arrival_long_road, layout_rooms, basic_ecumenical_altar,
          serial_shops, shop, hangedman_decor_slide_cut, minmay_three_crescents

Action                   || total
-------------------------++-------
Melee: Rapier            ||    12
Armor: Leather armour    ||     3
Dodge: Dodged            ||    11

Table legend: (Time is in decaauts)
 A = Elapsed time spent in this place.
 B = Non-inter-level travel time spent in this place.
 C = Inter-level travel time spent in this place.
 D = Time resting spent in this place.
 E = Time spent auto-exploring this place.
 F = Levels seen in this place.
 G = Mean time per level.
                   A        B        C        D        E       F      G
               +--------+--------+--------+--------+--------+-----+--------+
         Total |     76 |     76 |      0 |      0 |     29 |   1 |   76.0 |
       Dungeon |     76 |     76 |      0 |      0 |     29 |   1 |   76.0 |
               +--------+--------+--------+--------+--------+-----+--------+

Top non-repeatable levels by time:
     D:1: 76 daAuts
